 Dungeon Crawl Stone Soup version 0.21.1-1-g345015fe64 (webtiles) character file.

12452 Peloso the Carver (level 11, -1/97 HPs)
             Began as a Minotaur Fighter on Mar 28, 2018.
             Was the Champion of Okawaru.
             Slain by a cyclops (18 damage)
             ... on level 11 of the Dungeon.
             The game lasted 00:26:04 (9117 turns).

Peloso the Carver (Minotaur Fighter)                Turns: 9117, Time: 00:26:05

Health: -1/97      AC: 21    Str: 22    XL:     11   Next: 62%
Magic:  10/10      EV:  8    Int:  5    God:    Okawaru [******]
Gold:   1024       SH: 12    Dex: 12    Spells: 10/10 levels left

rFire    . . .     SeeInvis .   a - +4 scimitar (curse)
rCold    . . .     Gourm    .   c - +0 shield
rNeg     . . .     Faith    .   H - +1 plate armour
rPois    +         Spirit   .   (helmet restricted)
rElec    .         Reflect  .   (no cloak)
rCorr    .         Harm     .   t - +2 pair of gloves
MR       .....                  L - +1 pair of boots {run}
Stlth    ..........             y - amulet of magic regeneration
HPRegen  0.26/turn              d - ring of poison resistance
MPRegen  0.37/turn              A - ring of loudness (curse)

@: quick
A: retaliatory headbutt, horns 2
a: Heroism, Finesse, Renounce Religion


You were on level 11 of the Dungeon.
You worshipped Okawaru.
Okawaru was exalted by your worship.
You were not hungry.

You visited 2 branches of the dungeon, and saw 12 of its levels.

You collected 1024 gold pieces.

Inventory:

Hand Weapons
 a - a cursed +4 scimitar (weapon)
 b - a +2 short sword of flaming
 D - a +3 scimitar of freezing
Armour
 c - a +0 shield (worn)
 t - a +2 pair of gloves (worn)
 H - a +1 plate armour (worn)
 L - a +1 pair of boots of running (worn)
Jewellery
 d - a ring of poison resistance (left hand)
 j - an uncursed ring of positive energy
 p - an uncursed ring of protection from cold
 q - an uncursed ring of fire
 r - an uncursed ring of fire
 y - an amulet of magic regeneration (around neck)
 A - a cursed ring of loudness (right hand)
 F - an uncursed amulet of rage
 I - an uncursed amulet of regeneration
Wands
 m - a wand of polymorph (14)
 o - a wand of flame (28)
 z - a wand of iceblast (5)
 E - a wand of paralysis (23)
 K - a wand of random effects (36)
Scrolls
 e - 2 scrolls of magic mapping
 i - 2 scrolls of blinking {unknown}
 s - a scroll of identify
 v - 2 scrolls of fog
 w - 4 scrolls of teleportation
 G - a scroll of remove curse
 M - a scroll of enchant weapon
Potions
 g - 3 potions of agility
 h - 2 potions of cancellation
 k - a potion of resistance
 l - 6 potions of curing
 u - 2 potions of heal wounds {unknown}
 x - 2 potions of ambrosia {unknown}
 B - a potion of flight {unknown}
 C - a potion of might
Books
 n - a Young Poisoner's Handbook

   Spells                             Type                      Level
   a - Sting                          Conjuration/Poison           1
   b - Poisonous Vapours              Poison/Air                   2
   c - Mephitic Cloud                 Conjuration/Poison/Air       3
   d - Olgreb's Toxic Radiance        Poison                       4
   e - Venom Bolt                     Conjuration/Poison           5
 J - a book of Clouds

   Spells                             Type                      Level
   a - Poisonous Vapours              Poison/Air                   2
   b - Mephitic Cloud                 Conjuration/Poison/Air       3
   c - Conjure Flame                  Conjuration/Fire             3
   d - Freezing Cloud                 Conjuration/Ice/Air          6
   e - Ring of Flames                 Charms/Fire                  7
Comestibles
 f - 25 rations
 N - 5 chunks of flesh


   Skills:
 + Level 9.6 Fighting
 + Level 13.5 Long Blades
 + Level 10.3 Armour
 + Level 3.6 Dodging
 + Level 0.3 Stealth
 + Level 11.4 Shields
 + Level 0.1 Unarmed Combat
 + Level 0.8 Evocations


You had 10 spell levels left.
You didn't know any spells.

Dungeon Overview and Level Annotations

Branches:
Dungeon (11/15)            Temple (1/1) D:5            Lair (0/6) D:11
    Orc (0/2) D:9

Altars:
Ashenzari
Cheibriados
Dithmenos
Fedhas
Gozag
Hepliaklqana
Kikubaaqudgha
Makhleb
Nemelex Xobeh
Okawaru
Qazlal
Ru
Sif Muna
Trog
Uskayaw
Vehumet
Wu Jian
Xom
Yredelemnul
Zin
The Shining One


Innate Abilities, Weirdness & Mutations

You reflexively headbutt those who attack you in melee.
You have a pair of horns on your head.


Message History

Okawaru accepts your kill.
The cyclops throws a large rock.
You block the large rock.
Items here: ( ) [ †† a large rock; a mace; a leather armour; a porcupine corpse; an orc corpse A bullfrog comes into view.
The bullfrog gives a loud, deep croak!
The cyclops throws a large rock.
The large rock hits you!!
* * * LOW HITPOINT WARNING * * *
You see here a large rock.
The cyclops throws a large rock.
The large rock hits you!
* * * LOW HITPOINT WARNING * * *
You see here a large rock.
You feel better.
The bullfrog hits you but does no damage.
The cyclops hits you.
* * * LOW HITPOINT WARNING * * *
You feel better.
The bullfrog hits you but does no damage.
The cyclops hits you!!
You die...

#......).)).†....†....#
.....#######..##.###.##
#..P.P..####..##.# #.#
.....P.....†).##.# #.#
PPP.PPP.P)P(..#.###.#
PPPP...P.........##.#
P......P.(.P......>..
....PP.P(........##..
...PP.P@.PPP.P#.##
P.....CF..P...#.#
P..>P....P.......
.P..........P..###
......PP......##
.P...PPP........
.P.P...P.....###
..PP..P..P....


You could see a cyclops and a bullfrog.

Vanquished Creatures
  A centaur warrior (D:8)
  A two-headed ogre (D:11)
  A deep troll (D:8)
  A deep elf mage (D:9)
  A wolf spider (D:8)
  Pikel (D:6)
  An ugly thing (D:8)
  Joseph (D:9)
  The ghost of Peloso the Shield-Bearer, a novice MiFi (D:4)
  A kobold demonologist (D:11)
  2 trolls
  3 hornets
  A shadow (D:8)
  A spriggan (D:10)
  A yak (D:11)
  A steam dragon (D:11)
  A hungry ghost (D:4)
  Grum (D:8)
  3 porcupines (D:11)
  Duvessa (D:5)
  A sky beast (D:11)
  2 ice beasts
  7 ogres
  7 orc warriors
  A necrophage (D:6)
  2 phantoms
  A slave (D:6)
  3 black bears (D:11)
  2 wolves (D:8)
  2 centaurs
  A crocodile (D:11)
  A big kobold (D:11)
  7 bullfrogs
  Dowan (D:5)
  5 scorpions
  9 killer bees
  2 howler monkeys
  9 wights
  An electric eel (D:9)
  4 crimson imps
  2 bullfrog zombies
  2 quasits
  2 bullfrog skeletons (D:8)
  5 orc priests
  4 hounds
  6 jellies
  A gnoll shaman (D:7)
  2 iguanas
  Natasha (thrice) (D:2)
  12 orc wizards
  11 worker ants
  A hound skeleton (D:5)
  A worker ant zombie (D:10)
  3 adders
  5 gnolls (D:7)
  An ooze (D:6)
  An adder zombie (D:5)
  6 worms
  2 dart slugs
  2 leopard geckos
  35 orcs
  A ball python (D:4)
  7 giant cockroaches
  6 goblins
  6 hobgoblins
  21 jackals
  4 quokkas
  9 bats
  5 frilled lizards
  7 kobolds
  6 rats (D:1)
272 creatures vanquished.

Vanquished Creatures (others)
  28 fungi (D:11)
  14 plants (D:11)
42 creatures vanquished.

Grand Total: 314 creatures vanquished

Notes
Turn   | Place    | Note
-------+----------+-------------------------------------------
     0 | D:1      | Peloso the Minotaur Fighter began the quest for the Orb.
     0 | D:1      | Reached XP level 1. HP: 19/19 MP: 0/0
    29 | D:1      | Reached XP level 2. HP: 16/27 MP: 1/1
   253 | D:1      | Reached XP level 3. HP: 21/33 MP: 2/2
   519 | D:2      | Found a hide-covered altar of Uskayaw.
   747 | D:2      | Found a stormy altar of Qazlal.
   747 | D:2      | Noticed Natasha
   762 | D:2      | Killed Natasha
   762 | D:2      | Reached skill level 1 in Dodging
   762 | D:2      | Reached XP level 4. HP: 7/41 MP: 3/3
  1273 | D:2      | Noticed Natasha
  1287 | D:2      | Killed Natasha
  1287 | D:2      | Reached skill level 3 in Long Blades
  1779 | D:2      | Noticed Natasha
  1787 | D:2      | Killed Natasha
  2115 | D:3      | Reached XP level 5. HP: 46/47 MP: 4/4
  2288 | D:3      | Reached skill level 5 in Shields
  2382 | D:3      | Reached skill level 4 in Long Blades
  3141 | D:4      | Found an ornate altar of the Wu Jian Council.
  3335 | D:4      | Noticed Peloso's ghost (novice MiFi)
  3359 | D:4      | Killed Peloso's ghost
  3359 | D:4      | Reached skill level 5 in Long Blades
  3359 | D:4      | Reached skill level 5 in Armour
  3359 | D:4      | Reached XP level 6. HP: 7/55 MP: 5/5
  3359 | D:4      | Reached XP level 7. HP: 8/60 MP: 6/6
  3472 | D:4      | Got a dazzling ring mail
  3579 | D:4      | Noticed a hungry ghost
  3590 | D:4      | Killed a hungry ghost
  3590 | D:4      | Reached skill level 5 in Fighting
  3590 | D:4      | Reached skill level 6 in Long Blades
  3836 | D:5      | Entered Level 5 of the Dungeon
  4009 | D:5      | Reached XP level 8. HP: 57/68 MP: 7/7
  4018 | D:5      | Found a staircase to the Ecumenical Temple.
  4025 | Temple   | Entered the Ecumenical Temple
  4030 | Temple   | Became a worshipper of Warmaster Okawaru
  4038 | D:5      | Found a glowing silver altar of Zin.
  4038 | D:5      | Found a hazy altar of Hepliaklqana.
  4038 | D:5      | Found a sparkling altar of Nemelex Xobeh.
  4038 | D:5      | Found a hazy altar of Hepliaklqana.
  4039 | D:5      | Found a shimmering altar of Xom.
  4039 | D:5      | Found a blossoming altar of Fedhas.
  4040 | D:5      | Found a bloodstained altar of Trog.
  4040 | D:5      | Found an opulent altar of Gozag.
  4040 | D:5      | Found a basalt altar of Yredelemnul.
  4040 | D:5      | Found a glowing silver altar of Zin.
  4040 | D:5      | Found a blossoming altar of Fedhas.
  4040 | D:5      | Found a shattered altar of Ashenzari.
  4168 | D:5      | Reached skill level 7 in Long Blades
  4188 | D:5      | Noticed Duvessa
  4200 | D:5      | Noticed Dowan
  4201 | D:5      | Killed Duvessa
  4212 | D:5      | Killed Dowan
  4320 | D:5      | Identified the cursed +0 ring mail of the Evening Star {Dex+2 Stlth+} (You found it on level 4 of the Dungeon)
  4503 | D:5      | Reached * piety under Okawaru
  4587 | D:6      | Reached skill level 8 in Long Blades
  4846 | D:6      | Noticed Pikel
  4877 | D:6      | Killed Pikel
  4877 | D:6      | Reached ** piety under Okawaru
  4877 | D:6      | Reached skill level 9 in Long Blades
  4877 | D:6      | Reached XP level 9. HP: 74/75 MP: 8/8
  4955 | D:6      | Found a sacrificial altar of Ru.
  5159 | D:7      | Found a burning altar of Makhleb.
  5504 | D:7      | Reached skill level 10 in Long Blades
  5754 | D:7      | Reached *** piety under Okawaru
  5791 | D:7      | Found a bloodstained altar of Trog.
  6211 | D:8      | Found a snail-covered altar of Cheibriados.
  6211 | D:8      | Found a blossoming altar of Fedhas.
  6351 | D:8      | Found a glowing golden altar of the Shining One.
  6353 | D:8      | Noticed an angel
  6363 | D:8      | Found a basalt altar of Yredelemnul.
  6365 | D:8      | Noticed a profane servitor
  6788 | D:8      | Noticed a wolf spider
  6789 | D:8      | Noticed a green ugly thing
  6790 | D:8      | Noticed a deep troll
  6795 | D:8      | Killed a wolf spider
  6795 | D:8      | Reached **** piety under Okawaru
  6795 | D:8      | Reached XP level 10. HP: 65/84 MP: 9/9
  6799 | D:8      | Killed a green ugly thing
  6816 | D:8      | Killed a deep troll
  6816 | D:8      | Reached skill level 11 in Long Blades
  6816 | D:8      | Reached skill level 10 in Shields
  6883 | D:8      | Noticed a centaur warrior
  6900 | D:8      | Killed a centaur warrior
  6900 | D:8      | Reached ***** piety under Okawaru
  6982 | D:8      | Noticed Grum
  6994 | D:8      | Killed Grum
  7191 | D:9      | Noticed a deep elf mage
  7204 | D:9      | Killed a deep elf mage
  7292 | D:9      | Reached skill level 12 in Long Blades
  7389 | D:9      | Noticed Joseph
  7400 | D:9      | Killed Joseph
  7593 | D:9      | Reached XP level 11. HP: 76/95 MP: 10/10
  7916 | D:9      | Found a staircase to the Orcish Mines.
  8088 | D:10     | Entered Level 10 of the Dungeon
  8325 | D:10     | Reached skill level 10 in Armour
  8327 | D:10     | Reached ****** piety under Okawaru
  8571 | D:10     | Found a blossoming altar of Fedhas.
  8876 | D:11     | Received a gift from Okawaru
  8885 | D:11     | Identified a +1 pair of boots of running (Okawaru gifted it to you on level 11 of the Dungeon)
  8931 | D:11     | Found a staircase to the Lair.
  8976 | D:11     | Noticed a two-headed ogre
  8995 | D:11     | Reached skill level 13 in Long Blades
  9006 | D:11     | Killed a two-headed ogre
  9114 | D:11     | HP: 1/97 [cyclops/large rock (11)]
  9117 | D:11     | Slain by a cyclops

Skill      XL: |  1  2  3  4  5  6  7  8  9 10 11 |
---------------+----------------------------------+-----
Shields        | 4 5 6 8 9 10 11 | 11.4
Armour         | 4 5 6 7 8 9 10 | 10.3
Fighting       | 4 5 6 8 9 |  9.6
Dodging        | 1 2 3 |  3.6
Long Blades    | 3 5 6 9 10 12 13 | 13.5
Stealth        | |  0.3
Unarmed Combat | |  0.1
Evocations     | |  0.8

Action                   |  1- 3 |  4- 6 |  7- 9 | 10-12 || total
-------------------------+-------+-------+-------+-------++-------
Melee: Long sword        |   100 |   134 |   378 |       ||   612
       Headbutt          |    15 |    29 |    80 |    80 ||   204
       Unarmed           |       |       |    14 |       ||    14
       Scimitar          |       |       |    16 |   339 ||   355
Invok: Heroism           |       |       |     1 |       ||     1
Evoke: Wand              |       |       |       |     8 ||     8
  Use: Potion            |       |     1 |     1 |     3 ||     5
       Scroll            |       |       |    15 |       ||    15
  Eat: Chunk             |       |     8 |     9 |     6 ||    23
       Ration            |       |       |     1 |     1 ||     2
Armor: Scale mail        |    56 |       |       |       ||    56
       Chain mail        |    25 |    67 |   122 |       ||   214
       Plate armour      |       |       |    24 |   120 ||   144
Dodge: Dodged            |    37 |    36 |    83 |    76 ||   232
Block: Shield            |    75 |    73 |   228 |   179 ||   555
       Rpst.: Long sword |    11 |    12 |    22 |       ||    45
       Scimitar          |       |       |       |    25 ||    25
